 Dungeon Crawl Stone Soup version 0.28-a0-533-g9f97627e2a (webtiles) character file.

Game seed: 10545865526591504968

11 knot the Chopper (level 2, 36/36 HPs)
             Began as a Demonspawn Berserker on Sept 25, 2021.
             Was a Follower of Trog.
             Quit the game on level 1 of the Dungeon.
             The game lasted 00:00:30 (181 turns).

knot the Chopper (Demonspawn Berserker)              Turns: 181, Time: 00:00:31

Health: 36/36      AC:  2    Str: 17    XL:     2   Next: 17%
Magic:  2/2        EV: 12    Int:  8    God:    Trog [*.....]
Gold:   0          SH:  0    Dex: 12    Spells: 1/1 levels left

rFire   . . .      SeeInvis .   a - +0 hand axe
rCold   . . .      Faith    .   (no shield)
rNeg    . . .      Spirit   .   b - +0 animal skin
rPois   .          Reflect  .   (no helmet)
rElec   .          Harm     .   (no cloak)
rCorr   .          Rampage  .   (no gloves)
Will    .....                   (no boots)
Stlth   ..........              (no amulet)
HPRegen 0.12/turn               (no ring)
MPRegen 0.08/turn               (no ring)

@: berserking, very quick
A: talons 1
a: Renounce Religion, Berserk


You were on level 1 of the Dungeon.
You worshipped Trog.
Trog was aware of your devotion.
You visited 1 branch of the dungeon, and saw 1 of its levels.

Inventory:

Hand Weapons
 a - a +0 hand axe (weapon)
Armour
 b - a +0 animal skin (worn)
Potions
 c - a potion of might {unknown}


   Skills:
 - Level 3.0 Fighting
 + Level 3.3 Axes
 - Level 1.7 Armour
 - Level 1.7 Dodging


You had one spell level left.
You didn't know any spells.
Your spell library was empty.

Dungeon Overview and Level Annotations

Branches:
Dungeon (1/15)

Altars:


Innate Abilities, Weirdness & Mutations

You have sharp toenails.


Message History

You open the door.
There is an open door here.
c - a blue potion As you open the door, it creaks loudly!
There is an open door here.
Found a stone staircase leading down.
A rat comes into view.
You hit the rat.
You kill the rat!
Trog accepts your kill.
No target in view!
No target in view!
A quokka comes into view.
A quokka is nearby!
You miss the quokka. The quokka bites you.
You closely miss the quokka. The quokka closely misses you. x2
You slash the quokka!
You kill the quokka!
Trog accepts your kill.
No target in view!
No target in view!
HP restored.
Found a stone staircase leading down.
A gnoll comes into view. It is wielding a +0 club.
There is a stone staircase leading down here.
There is a stone staircase leading down here.
Okay, then.
A red film seems to cover your vision as you go berserk!
You feel yourself moving faster!
You feel mighty! The gnoll barely misses you.
You hit the gnoll.
The gnoll is lightly wounded.
You slash the gnoll!
You kill the gnoll!
Trog accepts your kill.
Your Axes skill increases to level 3!
You have reached level 2!
Your demonic ancestry asserts itself...
Your toenails lengthen and sharpen.
Unknown command.
Are you sure you want to abandon this character and quit the game? (Confirm with "yes".)

######
#####.##.####
#...........#
#.###.##..#@# #.#
#.#...#)#
#.###.#..##.#
#.....#..##.# #
#####.#..##.#
..########.#..##.#
#.#........#..##.##
......>......g....#
......##.#.#..##.##


There were no monsters in sight!

Vanquished Creatures
  A gnoll (D:1)
  A quokka (D:1)
  A rat (D:1)
3 creatures vanquished.

Notes
Turn   | Place    | Note
-------+----------+-------------------------------------------
     0 | D:1      | knot the Demonspawn Berserker began the quest for the Orb.
     0 | D:1      | Reached XP level 1. HP: 18/18 MP: 1/1
   181 | D:1      | Gained mutation: You have sharp toenails. [demonic
                  | ancestry]
   181 | D:1      | Reached XP level 2. HP: 24/24 MP: 2/2
   181 | D:1      | Quit the game

Illustrated notes

Levels and vault maps discovered:
D:1:      minmay_arrival_checkered_box, layout_basic, serial_shops, shop,
          shop_statue, nicolae_shop_crystal, shop

Skill      XL: |  1 |
---------------+----+-----
Axes           | 3 |  3.3
Fighting       | |  3.0
Armour         | |  1.7
Dodging        | |  1.7

Action                   || total
-------------------------++-------
Melee: Hand axe          ||     6
Invok: Berserk           ||     1
Dodge: Dodged            ||     3

Table legend: (Time is in decaauts)
 A = Elapsed time spent in this place.
 B = Non-inter-level travel time spent in this place.
 C = Inter-level travel time spent in this place.
 D = Time resting spent in this place.
 E = Time spent auto-exploring this place.
 F = Levels seen in this place.
 G = Mean time per level.
                   A        B        C        D        E       F      G
               +--------+--------+--------+--------+--------+-----+--------+
         Total |    181 |    181 |      0 |      0 |    142 |   1 |  181.0 |
       Dungeon |    181 |    181 |      0 |      0 |    142 |   1 |  181.0 |
               +--------+--------+--------+--------+--------+-----+--------+

Top non-repeatable levels by time:
     D:1: 181 daAuts
